 Dungeon Crawl Stone Soup version 0.30-b1-2-g02819fbbbe (webtiles) character file.

Game seed: 15766933936613021962

277320 raph the Devastator (level 19, -3/162 HPs)
             Began as a Pale Draconian Conjurer on May 24, 2023.
             Was the Champion of Vehumet.
             Killed from afar by an ironbound thunderhulk (9 damage)
             ... with a bolt of lightning
             ... on level 3 of the Vaults on May 27, 2023.
             The game lasted 02:26:43 (74640 turns).

raph the Devastator (Pale Draconian Conjurer)      Turns: 74640, Time: 02:26:44

Health: -3/162     AC: 21    Str:  9    XL:     19   Next: 60%
Magic:  7/36       EV: 14    Int: 28    God:    Vehumet [******]
Gold:   1065       SH:  8    Dex:  9    Spells: 5/45 levels left

rFire   + . .        b - staff of conjuration
rCold   + . .        F - +3 buckler
rNeg    + . .        (body armour unavailable)
rPois   +            M - -2 hat of the Alchemist {rElec rPois rF+ rC+ rN+ Will+ rMut rCorr}
rElec   +            d - +2 cloak
rCorr   +            K - +2 pair of gloves
SInv    .            V - +2 pair of boots {Stlth+}
Will    ++...        j - amulet of regeneration
Stlth   ++++         c - ring of wizardry
HPRegen 1.27/turn    w - +4 ring of protection
MPRegen 0.25/turn

%: resist mutation, wizardry (x1)
@: mighty, marked
A: breathe steam, AC +10, unfitting armour, cold-blooded, steam resistance
}: 2/15 runes: barnacled, gossamer
a: Breathe Steam, Renounce Religion


You were on level 3 of the Vaults.
You worshipped Vehumet.
Vehumet was exalted by your worship.
You visited 8 branches of the dungeon, and saw 35 of its levels.
You also visited: Sewer.

You collected 2793 gold pieces.
You spent 1728 gold pieces at shops.

Inventory:

Hand Weapons
 I - a +2 demon trident of venom
Missiles
 l - 9 curare-tipped darts
 u - 72 poisoned darts
 O - 2 throwing nets
Armour
 d - a +2 cloak (worn)
 p - the +1 hat of a bailey {rN+ Int+5 Slay-3}
   (You found it on level 4 of the Spider Nest)

   Int:       It affects your intelligence (+5).
   Slay:      It affects your accuracy & damage with ranged weapons and melee
   (-3).
   rN:        It protects you from negative energy.
 F - a +3 buckler (worn)
 K - a +2 pair of gloves (worn)
 M - the -2 hat of the Alchemist (worn) {rElec rPois rF+ rC+ rN+ Will+ rMut rCorr}
   (You acquired it on level 11 of the Dungeon)

   rF:        It protects you from fire.
   rC:        It protects you from cold.
   rElec:     It insulates you from electricity.
   rPois:     It protects you from poison.
   rN:        It protects you from negative energy.
   rCorr:     It protects you from acid and corrosion.
   rMut:      It protects you from mutation.
   Will:      It increases your willpower.
 V - a +2 pair of boots of stealth (worn)
Magical Staves
 a - the staff of fire "Feitih" {rF+ rC+ Int+3 SInv}
   (You acquired it on level 1 of the Shoals)

   [staff of fire]

   Base accuracy: +5 Base damage: 5 Base attack delay: 1.2 This weapon's minimum
   attack delay (0.6) is reached at skill level 12.
   Int:       It affects your intelligence (+3).
   rF:        It protects you from fire.
   rC:        It protects you from cold.
   SInv:      It lets you see invisible.
   It falls into the 'Staves' category.
   It is a one-handed weapon.
 b - a staff of conjuration (weapon)
Jewellery
 c - a ring of wizardry (left hand)
 h - an amulet of reflection
 j - an amulet of regeneration (around neck)
 w - a +4 ring of protection (right hand)
 Y - a ring of see invisible
 Z - a ring of flight
Wands
 e - a wand of iceblast (8)
 f - a wand of mindburst (23)
 i - a wand of charming (12)
 y - a wand of flame (77)
 Q - a wand of digging (2)
 T - a wand of acid (1)
Scrolls
 k - 4 scrolls of enchant weapon
 o - a scroll of summoning
 r - a scroll of enchant armour
 v - 2 scrolls of blinking
 A - 5 scrolls of fear
 B - 3 scrolls of poison
 C - a scroll of magic mapping
 D - 7 scrolls of fog
 E - 5 scrolls of teleportation
 R - 6 scrolls of immolation
 X - 2 scrolls of amnesia
Potions
 g - 6 potions of lignification
 m - 16 potions of haste
 n - 8 potions of mutation
 s - 7 potions of curing
 t - 6 potions of attraction
 x - 5 potions of berserk rage
 z - 2 potions of heal wounds
 G - a potion of invisibility
 H - 4 potions of might
 J - 7 potions of ambrosia
 L - 8 potions of flight
 P - 2 potions of resistance
 S - 4 potions of brilliance
 U - 4 potions of cancellation
Miscellaneous
 q - a phantom mirror
 N - a phial of floods
 W - a box of beasts


   Skills:
 - Level 12.6 Fighting
 - Level 7.5 Staves
 - Level 11.2 Dodging
 - Level 6.0 Stealth
 - Level 9.1 Shields
 + Level 13.5 Spellcasting
 + Level 19.6 Conjurations
 - Level 3.3 Hexes
 + Level 14.9 Fire Magic
 - Level 1.9 Ice Magic
 - Level 6.4 Air Magic
 - Level 8.4 Earth Magic
 - Level 8.1 Evocations


You had 5 spell levels left.
You knew the following spells:

 Your Spells              Type           Power      Damage    Failure   Level
a - Magic Dart            Conj           100%       1d8       0%          1
b - Searing Ray           Conj           100%       2d8       0%          2
c - Lehudib's Crystal Sp  Conj/Erth      49%        10d12     9%          8
d - Passwall              Tmut/Erth      35%        N/A       1%          2
e - Iskenderun's Mystic   Conj/Tloc      84%        2d17      1%          4
f - Fireball              Conj/Fire      54%        3d21      1%          5
g - Freezing Cloud        Conj/Ice/Air   41%        6-21      1%          5
h - Starburst             Conj/Fire      54%        6d15      1%          6
i - Orb of Destruction    Conj           57%        9d14      1%          7

Your spell library contained the following spells:

 Spells                   Type           Power      Damage    Failure   Level
 Fire Storm               Conj/Fire      54%        8d14      30%         9
 Chain Lightning          Conj/Air       47%        3d63      80%         9
 Shatter                  Erth           30%        3d25*     100%        9
 Foxfire                  Conj/Fire      100%       2x1d9     0%          1
 Kiss of Death            Conj/Necr      100%       2d13      1%          1
 Sandblast                Erth           100%       2d20      1%          1
 Slow                     Hex            100%       N/A       1%          1
 Poisonous Vapours        Pois/Air       72%        N/A       1%          2
 Static Discharge         Conj/Air       100%       2-7/arc   1%          2
 Confusing Touch          Hex            37%        N/A       1%          3
 Dazzling Flash           Conj/Hex       100%       N/A       1%          3
 Hailstorm                Conj/Ice       87%        3d17      1%          3
 Ignite Poison            Fire/Tmut/Pois 46%        N/A       1%          3
 Mephitic Cloud           Conj/Pois/Air  79%        N/A       1%          3
 Stone Arrow              Conj/Erth      100%       3d13      1%          3
 Airstrike                Air            26%        2d(4-20)  1%          4
 Fulminant Prism          Conj/Hex       45%        3d21      1%          4
 Leda's Liquefaction      Hex/Erth       25%        N/A       1%          4
 Sticky Flame             Conj/Fire      100%       2d11      1%          4
 Iskenderun's Battlesphe  Conj           100%       2d15      1%          5
 Lee's Rapid Deconstruct  Erth           30%        3d16*     1%          5
 Call Imp                 Summ           38%        N/A       2%          2
 Lesser Beckoning         Tloc           38%        N/A       2%          2
 Sublimation of Blood     Necr           19%        N/A       2%          2
 Wereblood                Tmut           19%        N/A       2%          2
 Portal Projectile        Hex/Tloc       56%        N/A       2%          3
 Call Canine Familiar     Summ           19%        N/A       4%          3
 Gell's Gravitas          Tloc           19%        N/A       4%          3
 Teleport Other           Tloc           19%        N/A       4%          3
 Vampiric Draining        Necr           19%        2d7       4%          3
 Olgreb's Toxic Radiance  Pois           19%        N/A       4%          4
 Summon Lightning Spire   Summ/Air       36%        N/A       4%          4
 Anguish                  Hex/Necr       14%        N/A       8%          4
 Ice Form                 Ice/Tmut       24%        N/A       10%         4
 Dispel Undead            Necr           19%        3d11      16%         4
 Conjure Ball Lightning   Conj/Air       47%        3x3d16    1%          6
 Plasma Beam              Fire/Air       34%        2x1d51    1%          6
 Ignition                 Fire           40%        3d12      6%          8
 Statue Form              Tmut/Erth      28%        N/A       36%         6
 Maxwell's Capacitive Co  Air            26%        ∞         78%         8
 Simulacrum               Ice/Necr       12%        N/A       80%         6
 Enfeeble                 Hex            18%        N/A       95%         7
 Storm Form               Tmut/Air       18%        N/A       96%         7
 Summon Hydra             Summ           9%         N/A       100%        7
 Discord                  Hex            18%        N/A       100%        8


Dungeon Overview and Level Annotations

Branches:
Dungeon (15/15)            Temple (1/1) D:4            Lair (5/5) D:9
 Shoals (4/4) Lair:2       Spider (4/4) Lair:3        Slime (0/5) Lair:5
    Orc (2/2) D:10            Elf (0/3) Orc:2        Vaults (3/5) D:13
  Crypt (1/3) Vaults:2     Depths (0/4) D:15          Sewer (visited)

Altars:
Ashenzari
Cheibriados
Dithmenos
Elyvilon
Fedhas
Gozag
Hepliaklqana
Kikubaaqudgha
Makhleb
Nemelex Xobeh
Okawaru
Qazlal
Ru
Sif Muna
Trog
Uskayaw
Vehumet
Wu Jian
Xom
Yredelemnul
Zin
The Shining One
Jiyva
Lugonu

Shops:
D:4 *   D:15 :   Orc:2 =***[?:*   Shoals:3 [   Vaults:1 [   Vaults:2 !

Portals:
Abyss: Lair:5
Trove: D:11 (give 4 potions of resistance)


Innate Abilities, Weirdness & Mutations

You can breathe blasts of scalding, opaque steam.
Your pale cyan-grey scales are hard. (AC +10)
You cannot fit into any form of body armour.
You are cold-blooded and may be slowed by cold attacks.
You are immune to the effects of steam.


Message History

Strange energies crackle from the ironbound thunderhulk's apparatus.
The ironbound thunderhulk blinks!
Your vault sentinel hits the red very ugly thing with a +0 falchion!
Your deep troll bites the red very ugly thing but does no damage.
Your deep troll claws the red very ugly thing! x2
The red very ugly thing dies!
Vehumet accepts your kill.
The great orb of eyes gazes at your ironbound preserver.
Your ironbound preserver resists with significant effort.
You barely miss the vault warden.
Strange energies crackle from the ironbound thunderhulk's apparatus.
The ironbound thunderhulk blinks!
Your ironbound preserver mumbles some strange words.
Your ironbound preserver is healed somewhat.
Your great orb of eyes completely misses the vault warden.
You hit the vault warden.
You blast the vault warden!
The vault warden is lightly wounded.
The vault warden hits you with a +1 great sword of freezing!!
* * * LOW HITPOINT WARNING * * *
The vault warden freezes you.
* * * LOW HITPOINT WARNING * * *
The great orb of eyes bites your ironbound preserver but does no damage.
Your ironbound preserver hits the great orb of eyes with a +0 great mace!!
Your great orb of eyes closely misses the vault warden.
Strange energies crackle from the ironbound thunderhulk's apparatus.
The ironbound thunderhulk blinks!
You feel much better.
The ironbound thunderhulk seems to regain its courage.
Your deep troll dissolves into shadows!
The vault warden hits you with a +1 great sword of freezing!
* * * LOW HITPOINT WARNING * * *
The vault warden freezes you.
* * * LOW HITPOINT WARNING * * *
The great orb of eyes gazes at your ironbound preserver.
Your ironbound preserver resists with significant effort.
Your great orb of eyes gazes at the vault warden.
The vault warden resists with some effort.
Electricity crackles from the ironbound thunderhulk's apparatus.
The bolt of lightning hits you! You resist.
You die...

#........#
#...†....#
#........+
#.[...>..#
#)..{....#
#p)).....#
##########T#######
......§..G...#
.......p)p@..#
.......G.p...#
.............#
.............#
########.....#
#....§# #.....#
#.O...# #.....#


You could see a vault warden (distracted, ally target), an ironbound
thunderhulk, a vault guard, a great orb of eyes (distracted, ally target), a
friendly ironbound preserver (summoned), a friendly great orb of eyes
(summoned), a friendly deep troll (summoned) and a friendly vault sentinel
(summoned).

Vanquished Creatures
  Nikola (Spider:1)
  Zenata (Vaults:1)
  Jorgrun (Shoals:1)
  Mlioglotl (Shoals:3)
  Asterion (Spider:1)
  Polyphemus (Shoals:3)
  Gastronok (Lair:1)
  A kraken (Shoals:1)
  Kirke (Shoals:1)
  A sphinx (Shoals:4)
  A tengu reaver (Vaults:3)
  A fire giant (D:13)
  Donald (Shoals:1)
  7 emperor scorpions
  2 ghost moths (Spider:4)
  3 vault wardens
  The ghost of Alarkh the Skirmisher, a journeyman DsHu of Uskayaw (Orc:2)
  2 orc warlords
  8 very ugly things
  6 ironbound preservers
  2 ironbound thunderhulks (Vaults:2)
  A broodmother (Spider:4)
  Azrael (Spider:1)
  3 minotaurs (Shoals:4)
  6 dire elephants (Vaults:2)
  The ghost of Deukiw the Imperceptible, a journeyman SpEn of Gozag (D:13)
  4 spark wasps
  6 merfolk impalers
  An ettin (Orc:2)
  5 yaktaur captains
  A jiangshi (Vaults:2)
  3 great orbs of eyes
  2 entropy weavers
  2 vault guards (Vaults:2)
  4 catoblepae
  2 ogre magi (Orc:2)
  3 hydras
  4 ironbound frosthearts
  4 merfolk avatars
  A death knight (Vaults:2)
  3 radroaches
  5 centaur warriors
  7 death yaks
  17 two-headed ogres
  8 satyrs (Shoals:4)
  3 tengu warriors
  6 boulder beetles
  3 thrashing horrors (Lair:5)
  A vampire mage (Vaults:2)
  A shock serpent (shapeshifter) (Lair:5)
  4 skysharks
  2 sixfirhies (D:9)
  A goliath frog (shapeshifter) (Lair:5)
  A shadow wraith (Vaults:2)
  Amaemon (D:9)
  4 pharaoh ants
  10 sea snakes
  A glowing orange brain (Vaults:1)
  A large abomination (Lair:5)
  2 sun moths
  31 deep trolls
  16 orb spiders
  6 wizards
  A necromancer (D:15)
  13 steelbarb worms
  3 lindwurms
  3 orc knights
  23 harpies
  7 ironbound convokers
  2 deep elf pyromancers (D:13)
  22 ugly things
  10 cyclopes
  23 wolf spiders
  19 fauns
  20 manticores
  An orc sorcerer (Orc:1)
  4 moths of wrath
  4 elephants (Lair:4)
  A black mamba (shapeshifter) (D:13)
  4 black mambas
  5 merfolk sirens
  8 demonic crawlers
  The ghost of magipi the Geomancer, a novice GrEE of Gozag (D:6)
  6 vault sentinels
  3 orange demons (D:9)
  5 water nymphs
  2 rust devils
  2 gargoyles
  2 naga magi (D:15)
  Psyche (D:9)
  6 torpor snails
  9 cane toads
  5 rime drakes
  2 centaur skeletons (D:15)
  16 komodo dragons
  14 yaktaurs
  2 kobold demonologists
  A tengu conjurer (D:13)
  A red devil (D:9)
  An efreet (D:15)
  A queen bee (shapeshifter) (D:13)
  15 merfolk
  2 ancient zymes (Lair:5)
  A polar bear (Lair:5)
  3 meliai (Spider:3)
  18 trolls
  A hornet (shapeshifter) (D:13)
  4 wind drakes
  Prince Ribbit (D:9)
  A queen bee (Spider:3)
  33 tarantellas
  A hornet (D:9)
  18 blink frogs
  9 dream sheep
  5 slime creatures
  8 snapping turtles
  8 culicivoras
  15 jumping spiders
  6 wyverns
  65 yaks
  A vampire (D:14)
  5 wraiths
  Grum (D:8)
  11 basilisks
  2 hogs (Shoals:1)
  A ynoxinul (D:9)
  3 chaos spawn (Lair:5)
  A redback simulacrum (D:15)
  3 vampire mosquitoes (D:14)
  A neqoxec (D:9)
  42 redbacks
  A warg (Orc:1)
  9 water moccasins
  4 hell hounds (Spider:1)
  19 orc warriors
  A black bear (D:9)
  2 sky beasts
  9 small abominations (Lair:5)
  A swamp drake (Lair:4)
  A black bear (shapeshifter) (Lair:5)
  30 wolves
  A wolf (shapeshifter) (Lair:5)
  4 boggarts (Vaults:2)
  19 ogres
  A phantom (D:4)
  7 kobold brigands
  A gnoll sergeant (D:11)
  16 bullfrogs
  5 scorpions
  27 killer bees
  3 electric eels
  5 howler monkeys
  2 lava snakes (D:9)
  3 quasits (D:9)
  6 hounds
  6 jellies
  10 orc priests
  Crazy Yiuf (D:5)
  2 iguanas
  Ijyb (D:5)
  26 orc wizards
  3 gnolls (D:11)
  11 adders
  A shadow imp (D:7)
  A white imp (D:7)
  An ufetubus (D:7)
  3 worms
  75 orcs
  6 bats
  8 endoplasms
  12 giant cockroaches
  15 goblins
  13 hobgoblins
  6 jackals (D:4)
  10 quokkas
  11 ball pythons
  8 frilled lizards
  56 kobolds
  8 rats
  A spectral hobgoblin (D:5)
  2 fulminant prisms
  3 tentacles (Shoals:1)
1247 creatures vanquished.

Vanquished Creatures (collateral kills)
  2 vault wardens
  An ironbound preserver (Vaults:2)
  A very ugly thing (Vaults:3)
  A dire elephant (Vaults:2)
  2 yaktaur captains
  A death yak (Lair:3)
  2 ironbound convokers (Vaults:3)
  An ugly thing (Vaults:2)
  A vault sentinel (Vaults:2)
  A water moccasin (Lair:3)
13 creatures vanquished.

Vanquished Creatures (others)
  An ironbound preserver (Vaults:2)
  8 demonic plants (D:9)
  84 fulminant prisms
  90 fungi
  279 plants
  7 tentacles (Shoals:1)
469 creatures vanquished.

Grand Total: 1729 creatures vanquished

Notes
Turn   | Place    | Note
-------+----------+-------------------------------------------
     0 | D:1      | raph the Draconian Conjurer began the quest for the Orb.
     0 | D:1      | Reached XP level 1. HP: 14/14 MP: 3/3
   302 | D:1      | Reached XP level 2. HP: 20/20 MP: 3/5
   511 | D:1      | Learned a level 2 spell: Searing Ray
  1355 | D:2      | Reached skill level 5 in Conjurations
  1472 | D:2      | Reached XP level 3. HP: 26/26 MP: 1/6
  2217 | D:2      | Found a blossoming altar of Fedhas.
  2675 | D:2      | Reached XP level 4. HP: 33/33 MP: 0/7
  2679 | D:2      | Learned a level 3 spell: Dazzling Flash
  3321 | D:3      | Reached skill level 6 in Conjurations
  3321 | D:3      | Reached skill level 1 in Hexes
  3321 | D:3      | Reached XP level 5. HP: 38/38 MP: 3/8
  3682 | D:3      | Found a faded altar of an unknown god.
  4549 | D:3      | Reached XP level 6. HP: 45/45 MP: 0/10
  5181 | D:4      | Learned a level 4 spell: Fulminant Prism
  5615 | D:4      | Found a glowing golden altar of the Shining One.
  5728 | D:4      | Reached skill level 7 in Conjurations
  6302 | D:4      | Your scales start taking on a pale cyan-grey colour.
  6302 | D:4      | Reached XP level 7. HP: 36/50 MP: 1/12
  6302 | D:4      | Gained mutation: You are immune to the effects of steam.
                  | [Pale Draconian growth]
  6570 | D:4      | Found a staircase to the Ecumenical Temple.
  6579 | Temple   | Entered the Ecumenical Temple
  6586 | Temple   | Became a worshipper of Vehumet
  6978 | D:4      | Found Lacaptyo's Fire Supplies.
  7266 | D:5      | Entered Level 5 of the Dungeon
  7360 | D:5      | Identified the +1 leather armour of the Mango {rElec rPois
                  | Will- SInv}
  7370 | D:5      | Found a glowing drain.
  7438 | Sewer    | Entered a sewer
  7543 | Sewer    | Reached skill level 8 in Conjurations
  7552 | Sewer    | Reached * piety under Vehumet
  7552 | Sewer    | Offered knowledge of Shock by Vehumet.
  7558 | Sewer    | Learned a level 4 spell: Iskenderun's Mystic Blast
  8201 | D:5      | Found a glowing silver altar of Zin.
  8400 | D:5      | Reached skill level 1 in Fighting
  8400 | D:5      | Reached XP level 8. HP: 56/59 MP: 8/14
  8589 | D:5      | Found a runed translucent door.
  8590 | D:5      | Noticed Crazy Yiuf
  8595 | D:5      | Killed Crazy Yiuf
  8761 | D:5      | Found a hide-covered altar of Uskayaw.
  8763 | D:5      | Noticed Ijyb
  8769 | D:5      | Killed Ijyb
  9011 | D:5      | Found a hazy altar of Hepliaklqana.
  9477 | D:6      | Found a runed translucent door.
  9482 | D:6      | Noticed magipi's ghost (novice GrEE)
  9993 | D:6      | Reached skill level 9 in Conjurations
 10645 | D:7      | Found a shimmering blue altar of Sif Muna.
 10673 | D:7      | Reached skill level 5 in Spellcasting
 10704 | D:7      | Offered knowledge of Sandblast by Vehumet.
 10740 | D:7      | Found a stormy altar of Qazlal.
 10748 | D:7      | Reached XP level 9. HP: 70/70 MP: 11/16
 11039 | D:7      | Reached ** piety under Vehumet
 11541 | D:8      | Reached skill level 10 in Conjurations
 11567 | D:8      | Noticed Grum
 11635 | D:8      | Killed Grum
 11636 | D:8      | Reached skill level 1 in Shields
 11736 | D:8      | Found an ornate altar of the Wu Jian Council.
 11942 | D:8      | Reached skill level 5 in Fighting
 12028 | D:8      | Found a shadowy altar of Dithmenos.
 12179 | D:9      | Noticed an orange demon
 12225 | D:9      | Noticed a sixfirhy
 12225 | D:9      | Noticed Psyche
 12231 | D:9      | Noticed an orange demon
 12236 | D:9      | Noticed Prince Ribbit
 12374 | D:9      | Noticed a red devil
 12435 | D:10     | Entered Level 10 of the Dungeon
 12458 | D:10     | Reached XP level 10. HP: 58/81 MP: 17/19
 12541 | D:10     | Found a staircase to the Orcish Mines.
 12571 | D:10     | Offered knowledge of Static Discharge by Vehumet.
 12572 | D:10     | Reached skill level 5 in Dodging
 12862 | D:10     | Reached skill level 11 in Conjurations
 12888 | D:10     | Reached *** piety under Vehumet
 13081 | D:10     | Learned a level 5 spell: Fireball
 13474 | D:10     | Found a broken altar of Ashenzari.
 13728 | D:11     | Noticed a manticore
 13733 | D:11     | Killed a manticore
 13733 | D:11     | Offered knowledge of Stone Arrow by Vehumet.
 13760 | D:11     | Noticed a two-headed ogre
 13832 | D:11     | Noticed a manticore
 13840 | D:11     | Killed a manticore
 13841 | D:11     | Reached XP level 11. HP: 83/91 MP: 0/21
 13938 | D:11     | Noticed a green ugly thing
 14021 | D:11     | Reached skill level 1 in Fire Magic
 14042 | D:11     | Reached skill level 12 in Conjurations
 14048 | D:11     | Reached **** piety under Vehumet
 14515 | D:11     | Learned a level 5 spell: Freezing Cloud
 14626 | D:11     | Killed a two-headed ogre
 14746 | D:11     | Identified a scroll of acquirement
 14746 | D:11     | Acquired the -2 hat of the Alchemist {rElec rPois rF+ rC+
                  | rN+ Will+ rMut rCorr}
 14746 | D:11     | Found the -2 hat of the Alchemist {rElec rPois rF+ rC+ rN+
                  | Will+ rMut rCorr}
 14771 | D:11     | Killed a green ugly thing
 14976 | D:11     | Offered knowledge of Sticky Flame by Vehumet.
 15157 | D:11     | Found a portal to a secret trove of treasure.
 15374 | D:9      | Noticed Amaemon
 15392 | D:9      | Reached skill level 5 in Shields
 15407 | D:9      | Killed Amaemon
 15418 | D:9      | Noticed a sixfirhy
 15430 | D:9      | Killed Prince Ribbit
 15431 | D:9      | Killed a sixfirhy
 15438 | D:9      | Found an opulent altar of Gozag.
 15461 | D:9      | Found a staircase to the Lair.
 15464 | D:9      | Noticed a two-headed ogre
 15475 | D:9      | Killed a two-headed ogre
 15476 | D:9      | Reached skill level 5 in Fire Magic
 15499 | D:9      | Found a bloodstained altar of Trog.
 15825 | D:9      | Killed a sixfirhy
 16177 | D:9      | Reached XP level 12. HP: 101/101 MP: 16/23
 16667 | D:9      | Killed Psyche
 16939 | D:9      | Reached ***** piety under Vehumet
 16940 | D:9      | Reached skill level 13 in Conjurations
 17262 | D:9      | Offered knowledge of Airstrike by Vehumet.
 17657 | Lair:1   | Entered Level 1 of the Lair of Beasts
 17704 | Lair:1   | Noticed Gastronok
 18315 | Lair:1   | Killed Gastronok
 20686 | Lair:2   | Found a staircase to the Shoals.
 20824 | Lair:2   | Reached skill level 1 in Air Magic
 21634 | Lair:3   | Offered knowledge of Flame Wave by Vehumet.
 21649 | Lair:3   | Reached XP level 13. HP: 97/110 MP: 8/25
 22260 | Lair:3   | Reached skill level 14 in Conjurations
 22372 | Lair:3   | Acquired a staff of conjuration
 22559 | Lair:3   | Found a hole to the Spider Nest.
 23882 | Lair:5   | Entered Level 5 of the Lair of Beasts
 25327 | Lair:5   | Offered knowledge of Conjure Ball Lightning by Vehumet.
 25534 | Lair:5   | Learned a level 6 spell: Starburst
 25874 | Lair:5   | Reached skill level 1 in Evocations
 25882 | Lair:5   | Reached XP level 14. HP: 109/119 MP: 14/27
 25933 | Lair:5   | Reached skill level 1 in Staves
 26264 | Lair:5   | Found a staircase to the Slime Pits.
 26265 | Lair:5   | Found a viscous altar of Jiyva.
 26455 | Lair:5   | Reached skill level 10 in Fire Magic
 29174 | Lair:5   | Found a corrupted altar of Lugonu.
 29256 | Lair:5   | Found a one-way gate to the infinite horrors of the Abyss.
 29923 | Lair:5   | Reached skill level 10 in Fighting
 30456 | Lair:5   | Reached skill level 15 in Conjurations
 31014 | D:12     | Reached skill level 5 in Air Magic
 31537 | D:12     | Offered knowledge of Orb of Destruction by Vehumet.
 32080 | Orc:1    | Entered Level 1 of the Orcish Mines
 32488 | Orc:1    | Noticed an orc warlord
 32496 | Orc:1    | Killed an orc warlord
 33392 | Orc:2    | Entered Level 2 of the Orcish Mines
 33392 | Orc:2    | Found a staircase to the Elven Halls.
 34320 | Orc:2    | Found Bikimoeh's Book Shoppe.
 34863 | Orc:2    | Found a transporter.
 34869 | Orc:2    | Noticed Alarkh's ghost (journeyman DsHu)
 35019 | Orc:2    | Found Wygefujace's Armour Shoppe.
 35022 | Orc:2    | Found Cisyel's Magic Scroll Shop.
 35039 | Orc:2    | Found Yddinug's Assorted Antiques.
 35638 | Orc:2    | Found Nuigits's General Store.
 35651 | Orc:2    | Bought a potion of heal wounds for 70 gold pieces
 35720 | Orc:2    | Found a transporter.
 35821 | Orc:2    | Reached XP level 15. HP: 127/127 MP: 14/28
 36032 | Orc:2    | Found Wul Kisk's General Store.
 36070 | Orc:2    | Bought a potion of haste for 350 gold pieces
 36070 | Orc:2    | Bought a potion of magic for 280 gold pieces
 36283 | Orc:2    | Bought a potion of haste for 170 gold pieces
 36283 | Orc:2    | Bought a potion of magic for 136 gold pieces
 36283 | Orc:2    | Bought a potion of cancellation for 136 gold pieces
 36316 | Orc:2    | Found Zekhluis's Jewellery Boutique.
 36419 | Orc:2    | Found Solilim's General Store.
 36834 | Orc:2    | Bought a +1 pair of boots of stealth for 264 gold pieces
 37448 | D:13     | Noticed a fire giant
 37449 | D:13     | Found a transporter.
 37449 | D:13     | Noticed Deukiw's ghost (journeyman SpEn)
 37563 | D:13     | Found a transporter.
 37926 | D:13     | Found a gate to the Vaults.
 39437 | D:14     | Found a blossoming altar of Fedhas.
 39557 | D:14     | Offered knowledge of Iskenderun's Battlesphere by Vehumet.
 40573 | D:15     | Entered Level 15 of the Dungeon
 41387 | D:15     | Found Kecoi's Book Boutique.
 41890 | D:15     | Reached skill level 10 in Spellcasting
 42257 | D:15     | Found a staircase to the Depths.
 42435 | Shoals:1 | Entered Level 1 of the Shoals
 42653 | Shoals:1 | Noticed Jorgrun
 42821 | Shoals:1 | Noticed a kraken
 42823 | Shoals:1 | Killed Jorgrun
 43178 | Shoals:1 | Noticed Donald
 43184 | Shoals:1 | Killed a kraken
 43192 | Shoals:1 | Killed Donald
 44079 | Shoals:1 | Noticed Kirke
 44086 | Shoals:1 | Killed Kirke
 44441 | Shoals:1 | Acquired the staff of fire "Feitih" {rF+ rC+ Int+3 SInv}
 44687 | Shoals:2 | Reached skill level 10 in Dodging
 45349 | Shoals:3 | Reached XP level 16. HP: 127/137 MP: 10/30
 45465 | Shoals:3 | Reached skill level 16 in Conjurations
 45731 | Shoals:3 | Reached skill level 5 in Staves
 45746 | Shoals:3 | Noticed Polyphemus
 45932 | Shoals:3 | Reached skill level 1 in Ice Magic
 46079 | Shoals:3 | Reached skill level 5 in Evocations
 46589 | Shoals:3 | Found Aridghei's Armour Emporium.
 46688 | Shoals:3 | Noticed Mlioglotl
 46693 | Shoals:3 | Killed Mlioglotl
 47083 | Shoals:3 | Killed Polyphemus
 47407 | Spider:1 | Entered Level 1 of the Spider Nest
 47769 | Spider:1 | Noticed Azrael
 47777 | Spider:1 | Killed Azrael
 47777 | Spider:1 | Offered knowledge of Ozocubu's Refrigeration by Vehumet.
 48352 | Lair:3   | Learned a level 7 spell: Orb of Destruction
 48372 | Spider:1 | Got the Anthology of Violence and Fumes
 49438 | Spider:1 | Noticed Nikola
 49692 | Spider:1 | Killed Nikola
 49694 | Spider:1 | Noticed Asterion
 50337 | Spider:1 | Killed Asterion
 52072 | Spider:2 | Identified the +1 spear of the Peculiar Beggars {flame,
                  | Int+6}
 53830 | Spider:2 | Offered knowledge of Lehudib's Crystal Spear by Vehumet.
 54086 | Spider:2 | Reached XP level 17. HP: 120/146 MP: 25/32
 57902 | Shoals:4 | Entered Level 4 of the Shoals
 57917 | Shoals:4 | Reached skill level 5 in Stealth
 58218 | Shoals:3 | Learned a level 8 spell: Lehudib's Crystal Spear
 58803 | Shoals:4 | Reached skill level 1 in Earth Magic
 58997 | Shoals:4 | Reached skill level 17 in Conjurations
 60228 | Shoals:4 | Paralysed by a sphinx for 2 turns
 61154 | Shoals:4 | Identified the +9 bardiche of Tomorrow {antimagic, Int+2}
 61156 | Shoals:4 | Got a barnacled rune of Zot
 61796 | D:6      | Killed magipi's ghost
 61985 | D:13     | Killed Deukiw's ghost
 62223 | Orc:2    | Reached XP level 18. HP: 155/155 MP: 22/33
 62238 | Orc:2    | Killed Alarkh's ghost
 62639 | Spider:4 | Entered Level 4 of the Spider Nest
 63589 | Spider:3 | Reached skill level 5 in Earth Magic
 66443 | Spider:4 | Reached ****** piety under Vehumet
 66444 | Spider:4 | Reached skill level 18 in Conjurations
 67001 | Spider:4 | Got a gossamer rune of Zot
 67128 | Spider:4 | Identified the +1 hat of a bailey {rN+ Int+5 Slay-3}
 67164 | Spider:4 | Learned a level 2 spell: Passwall
 67449 | Vaults:1 | Entered Level 1 of the Vaults
 67473 | Vaults:1 | Found Wiptirru's Armour Emporium.
 69359 | Vaults:1 | Noticed Zenata
 69363 | Vaults:1 | Killed Zenata
 70267 | Vaults:2 | Offered knowledge of Fire Storm by Vehumet.
 70267 | Vaults:2 | Offered knowledge of Shatter by Vehumet.
 70267 | Vaults:2 | Offered knowledge of Chain Lightning by Vehumet.
 71527 | Vaults:2 | Reached XP level 19. HP: 162/162 MP: 30/35
 71606 | Vaults:2 | Reached skill level 19 in Conjurations
 71804 | Vaults:2 | Found Soarom's Distillery.
 71812 | Vaults:2 | Bought a potion of resistance for 230 gold pieces
 71812 | Vaults:2 | Bought a potion of brilliance for 92 gold pieces
 73918 | Vaults:2 | Found a staircase to the Crypt.
 73921 | Crypt:1  | Entered Level 1 of the Crypt
 74639 | Vaults:3 | HP: 7/162 [vault warden/+1 great sword of freezing (5)]
 74640 | Vaults:3 | Killed from afar by an ironbound thunderhulk

Illustrated notes

Levels and vault maps discovered:
D:1:      roderic_crop_circles_arrival_large, layout_basic
D:2:      layout_loops_ring, basic_altar, nicolae_kite_square_tiling_tiny
D:3:      layout_loops_corners, hellmonk_ecumenical_altar_crossroads,
          kennysheep_generic_room_8
D:4:      kennysheep_kobold_camp, layout_loops_ring,
          mainiacjoe_overflow_cross_hatched, minmay_temple_entry_sparse_star,
          nicolae_shop_fire_sale [nicolae_sub_dead_trees], skrybe_limestone_x
D:5:      layout_basic, zin_statuary, nicolae_hepliaklqana_monster_ancestors,
          eat_drink_and_be_merry_uskayaw, portal_sewer_entry_f, uniq_ijyb,
          uniq_crazy_yiuf_cottage
D:6:      layout_basic, ebering_ghost_reflecting_pool, corexii_leaking_fountain
D:7:      layout_loops_ring, lemuel_crystal_altar,
          nicolae_qazlal_scattered_showers
D:8:      layout_cave_pools, nicolae_overflow_hidden_temple,
          general_overflow_altar, uniq_grum
D:9:      layout_cave_pools, mainiacjoe_overflow_alcove_2, grunt_gozag_statues,
          due_lair_maze_entry_diamond, serial_demonic, serial_demonic_c,
          serial_demonic_g, serial_demonic_a, serial_demonic_b,
          serial_demonic_d, nicolae_lava_and_water, uniq_psyche, uniq_amaemon,
          uniq_prince_ribbit1
D:10:     cheibrodos_helix_gallery, layout_irregular_city, lemuel_round_altar,
          orc_0_dummy, eino_small_chamber_without_monster,
          dreamdust_princess_corridor, minivault_5, grunt_decor_clamped
D:11:     layout_long_grid, trove_entry_hex_spiral, portal_ice_cave_rime
D:12:     layout_small_grid
D:13:     layout_layer_cave, david_vaults_2, gammafunk_ghost_arena
D:14:     layout_cave_pods, fedhas_altar_3, chequers_arboretum
D:15:     grunt_enter_depths_magical_seal, layout_gridville, serial_shops,
          nicolae_shop_rolling_square, minmay_misc_feat_room
Temple:   minmay_freezing_vapour_temple
Lair:1:   layout_loops_ring, lemuel_fruit_fields, uniq_gastronok
Lair:2:   layout_chaotic_city, elwin_shoals_entry_rooms
Lair:3:   layout_loops_ring, spider_nest_entry_web_field
Lair:4:   layout_misc_corridors, hibernation_bobbens, grunt_megastairs_4,
          infiniplex_staircase_pool
Lair:5:   hellmonk_lair_end_abyssal_woods, layout_hall_layers,
          nicolae_slime_entry_slimehenge
Shoals:1: layout_shoals, uniq_donald, uniq_kirke, uniq_jorgrun
Shoals:2: argonaut_golden_fleece, layout_shoals
Shoals:3: layout_shoals, serial_shops, nicolae_shop_pleasant_corner_grove,
          uniq_polyphemus, uniq_mlioglotl
Shoals:4: shoals_end_hellmonk_lost_city
Spider:1: layout_spider_delve, uniq_nikola, uniq_asterion, uniq_azrael
Spider:2: layout_chambers
Spider:3: layout_spider_delve, special_room [special_room_bee]
Spider:4: guppyfry_spider_rune
Orc:1:    layout_caves
Orc:2:    st_orc_open, layout_diamond_mine, gammafunk_ghost_smash, serial_shops,
          nicolae_book_shop_shelving, shop, nicolae_shop_trees,
          nicolae_shop_statue_plus
Vaults:1: v_misc_13, nicolae_vaults_storage_closets_3,
          ontoclasm_vaults_ring_small, hangedman_vaults_maws,
          nicolae_vaults_asterisk, nicolae_vaults_trapezoid_lopsided_3,
          layout_vaults_omnigrid, serial_shops, nicolae_shop_tiny_statue_garden,
          uniq_zenata
Vaults:2: ontoclasm_vaults_ring_small, hangedman_vaults_trim, v_pattern_5,
          hangedman_vaults_nodes, nicolae_vaults_prndl,
          minmay_crypt_entry_simple_box, vaults_room_stairs_pillars,
          nicolae_vaults_trapezoid_layered, hangedman_vaults_hat,
          vaults_dpeg_diagonal, nicolae_vaults_offset_grid_hallway_3,
          ontoclasm_vaults_pinch, v_rooms_2, nicolae_vaults_apartment_1,
          v_misc_33, nicolae_vaults_diamond_1, layout_vaults_omnicross,
          serial_shops, nicolae_shop_statue_plus
Vaults:3: nicolae_vaults_shipping_containers_2, grunt_vaults_funnel,
          nicolae_vaults_circle_grid_b, v_misc_30, hangedman_vaults_corner,
          vaults_room_door_hall, grunt_vaults_focal, vaults_room_pool,
          ontoclasm_vaults_shuriken, nicolae_vaults_tetromino_Z_2, v_misc_16,
          nicolae_vaults_more_shelving_1, nicolae_vaults_wine_cellar,
          layout_vaults_ring
Crypt:1:  hangedman_screamer, layout_basic

Skill      XL: |  1  2  3  4  5  6  7  8  9 10 11 12 13 14 15 16 17 18 19 |
---------------+----------------------------------------------------------+-----
Conjurations   | 5 6 7 8 9 10 11 12 13 14 15 16 17 18 19 | 19.6
Hexes          | 1 2 3 |  3.3
Spellcasting   | 3 4 5 6 7 8 9 10 11 12 13 | 13.5
Dodging        | 2 3 4 5 6 7 8 10 11 | 11.2
Fighting       | 1 3 5 6 7 8 9 10 11 12 | 12.6
Shields        | 2 4 5 6 7 8 9 |  9.1
Fire Magic     | 5 8 9 11 12 13 14 | 14.9
Air Magic      | 1 4 5 6 |  6.4
Evocations     | 1 3 4 6 8 |  8.1
Staves         | 3 4 6 7 |  7.5
Stealth        | 4 5 6 |  6.0
Ice Magic      | 1 |  1.9
Earth Magic    | 4 8 |  8.4

Action                     |  1- 3 |  4- 6 |  7- 9 | 10-12 | 13-15 | 16-18 | 19-21 || total
---------------------------+-------+-------+-------+-------+-------+-------+-------++-------
  Melee: Dagger            |    13 |       |       |       |     1 |       |       ||    14
         Unarmed           |     2 |       |       |       |       |       |       ||     2
         Punch             |     1 |       |     2 |       |       |       |       ||     3
         Tailslap          |     1 |     3 |     6 |    21 |    21 |    21 |    23 ||    96
         War axe           |       |     2 |       |       |       |       |       ||     2
         Morningstar       |       |    58 |    58 |   125 |    26 |     6 |       ||   273
         Staff             |       |       |       |       |    95 |   110 |   109 ||   314
  Throw: Dart              |       |       |       |       |     5 |     1 |       ||     6
   Cast: Magic Dart        |    20 |    11 |     3 |     2 |     9 |     2 |       ||    47
         Searing Ray       |    34 |    39 |    53 |    56 |    25 |     8 |       ||   215
         Fulminant Prism   |       |     7 |    13 |    46 |    13 |     8 |       ||    87
         Iskenderun's Myst |       |       |     9 |    71 |   194 |   275 |    33 ||   582
         Fireball          |       |       |       |    31 |    85 |   115 |     6 ||   237
         Freezing Cloud    |       |       |       |     3 |   215 |   151 |    12 ||   381
         Starburst         |       |       |       |       |    11 |    18 |       ||    29
         Orb of Destructio |       |       |       |       |       |    83 |    11 ||    94
         Lehudib's Crystal |       |       |       |       |       |    52 |    28 ||    80
Ability: Breathe Steam     |       |       |    21 |    32 |    44 |    28 |     6 ||   131
  Evoke: Wand              |       |       |       |     3 |     4 |     7 |     2 ||    16
    Use: Scroll            |       |    10 |     9 |    14 |     9 |    13 |     3 ||    58
         Potion            |       |       |     1 |     5 |       |     6 |     4 ||    16
   Stab: Sleeping          |       |       |     1 |       |     1 |       |       ||     2
         Distracted        |       |       |       |       |       |       |     2 ||     2
 Armour: Skin              |     7 |    62 |    95 |   148 |   140 |   261 |    46 ||   759
  Dodge: Dodged            |     7 |    76 |   127 |   256 |   165 |   305 |    62 ||   998
  Block: Buckler           |       |       |     6 |    86 |    59 |   169 |    47 ||   367
